Unix NetHack Version 5.0.0-0 post-release - last build Jun 10 2026 00:39:30 (3ee93aec679c4c4259841fe613dc97188e26a321,branch:main).

Game began 2026-06-15 10:09:03, ended 2026-06-15 10:29:25.

LDaviesPeters, neutral female human Archeologist

                                                                    --------
                      -----          -----                          |......|
                      |....##########-...|                       ###.......|
                      |...|          |.(.-#         ----------  ##  |......|
                      |(..|          |...|#         |.....{..| ##   |......|
   ----------         |...|          |...|#         |.......F.##    |....dd|
   |.........##       |...|          |...|#         +........|      ------@-
   |........| #       ---.-          |....##        -.---.----            d
   |.........#########   #           -----#        ###   #              *##
   |........| #          #                ###     ##                    #
   |........| #        ###                  #   ###                 ----+--
   |........+####------.----                #---|------             |)....|
   ---------- # #|..........##              #|...`....|             |.]!".|
              ###|.[.......| ################-........|             |(....|
                #..<.......|         ###%####|........|             |*....|
                #-----------                #----------             -------
                ##                          ###########

LDaviesPeters the Field Worker  St:15 Dx:9 Co:11 In:18 Wi:18 Ch:8  Neutral
Dlvl:3  $:15 HP:0(35) Pw:20(20) AC:8  Xp:4 T:1837 

Latest messages:
 The werejackal bites!
 You lash the werejackal.
 The jackal bites!
 The coyote bites!
 The werejackal bites!
 Are you sure you want to pray? [yn] (n) y
 You begin praying to Camaxtli.
 You are surrounded by a shimmering light.
 The jackal starts to attack you, but pulls back.
 The coyote starts to attack you, but pulls back.
 The werejackal summons help!
 A fox suddenly appears close by!
 The werejackal starts to attack you, but pulls back.
 The jackal starts to attack you, but pulls back.
 The coyote starts to attack you, but pulls back.
 The werejackal starts to attack you, but pulls back.
 The jackal starts to attack you, but pulls back.
 The coyote starts to attack you, but pulls back.
 The werejackal starts to attack you, but pulls back.
 The little dog misses the jackal.
 The little dog misses the jackal.
 You finish your prayer.
 You feel that Camaxtli is well-pleased.
 You feel much better.
 You miss the werejackal.
 The jackal bites!
 The coyote bites!
 The werejackal bites!
 The little dog misses the jackal.
 You miss the werejackal.
 The jackal bites!
 The coyote bites!
 The werejackal bites!
 The little dog bites the jackal.
 The jackal is killed!
 You lash the werejackal.
 The coyote bites!
 The werejackal bites!
 The little dog bites the fox.
 The fox is killed!
 You lash the werejackal.
 The coyote misses!
 The werejackal bites!
 You miss the werejackal.
 The coyote bites!
 The werejackal bites!
 You lash the werejackal.
 The coyote bites!
 You die...
 Do you want your possessions identified? [ynq] (y) q

Inventory:
 Coins    ('$')
  $ - 15 gold pieces
 Weapons  (')')
  m - 10 +0 crossbow bolts
  w - 6 +0 darts
  t - a +0 orcish dagger
  a - a +2 bullwhip (weapon in left hand)
 Armor    ('[')
  c - an uncursed +0 fedora
  s - an uncursed +0 orcish helm (being worn)
  h - an uncursed +0 leather jacket (being worn)
 Comestibles  ('%')
  J - an uncursed apple
  d - 4 uncursed food rations
  o - an uncursed lembas wafer
 Rings    ('=')
  K - an uncursed ring of poison resistance
  l - an uncursed ring of sustain ability (on left hand)
 Wands    ('/')
  F - a wand of light (0:14)
  q - a wand of make invisible (0:7)
  G - a wand of secret door detection (0:12)
  x - a wand of undead turning (0:3)
 Tools    ('(')
  b - an uncursed sack containing 7 items
  r - an uncursed magic whistle
  f - a tinning kit (0:93)
 Gems/Stones  ('*')
  g - an uncursed touchstone

Contents of the sack:
  22 gold pieces
  an uncursed scroll of create monster
  an uncursed scroll of enchant weapon
  a blessed scroll of fire
  an uncursed scroll of identify
  an uncursed scroll of taming
  a +0 pick-axe

LDaviesPeters the Archeologist's attributes:

Background:
 You were a Field Worker, a level 4 female human Archeologist.
 You were neutral, on a mission for Camaxtli
 who was opposed by Quetzalcoatl (lawful) and Huhetotl (chaotic).
 You were left-handed.
 You were in the Dungeons of Doom, on level 3.
 You entered the dungeon 1837 turns ago.
 There was a new moon in effect when your adventure ended.
 You had 85 experience points, 75 more were needed to attain level 5.

Basics:
 You had 0 out of 35 hit points.
 You had all 20 energy points (spell power).
 Your armor class was 8.
 Your wallet contained 15 zorkmids, and
 you had 22 more stashed away in your pack.
 Autopickup was off.

Final Characteristics:
 Your strength was 15 (limit:18/100).
 Your dexterity was 9 (limit:18).
 Your constitution was 11 (limit:18).
 Your intelligence was 18 (limit:18).
 Your wisdom was 18 (limit:18).
 Your charisma was 8 (limit:18).

Final Status:
 You weren't hungry.
 You were unencumbered.
 You were wielding a whip.
 You had basic skill with whip.

Final Attributes:
 You were devoutly aligned.
 You were level-drain resistant.
 You had automatic searching.
 You were a werejackal.
 You were harmed by silver.
 You had fixed abilities.
 You are dead.

Miscellaneous:
 You didn't encounter any bones levels.
 Total elapsed playing time was 20 minutes and 22 seconds.

Major events:
 Turn
    1: LDaviesPeters the neutral female human Archeologist entered the dungeon
  780: entered the Gnomish Mines
  785: attained the rank of Field Worker (level 3)
 1837: killed by a coyote

You didn't know any spells.

Skills:
 Fighting Skills
   bare handed combat [Unskilled]
   two weapon combat  [Unskilled]
   riding             [Unskilled]
 Weapon Skills
   dagger             [Unskilled]
   knife              [Unskilled]
   pick-axe           [Basic]
   short sword        [Unskilled]
   saber              [Unskilled]
   club               [Unskilled]
   quarterstaff       [Unskilled]
   sling              [Unskilled]
   dart               [Unskilled]
   boomerang          [Unskilled]
   whip               [Basic]
   unicorn horn       [Unskilled]
 Spellcasting Skills
   attack spells      [Unskilled]
   healing spells     [Unskilled]
   divination spells  [Unskilled]
   matter spells      [Unskilled]

Voluntary challenges:
 Character rerolling was not enabled.
 You never genocided any monsters.
 You never polymorphed an object.
 You never changed form.
 You used no wishes.
Achievements:
 You entered the Gnomish Mines.
 You attained the rank of Field Worker.
 You entered a shop.

 The Dungeons of Doom: levels 1 to 4
    Level 1:
       A grave.
    Level 2:
       Stairs down to The Gnomish Mines.
    Level 3: <- You were here.
       A general store, a fountain.
       Final resting place for
          you, killed by a coyote.
    Level 4:
 The Gnomish Mines:
    Level 3:


Vanquished creatures:
  a little dog
  a giant bat
  a gas spore
  a large kobold
  a giant rat
  a cave spider
  a gnome
  2 geckos
  5 jackals
  3 foxes
  a kobold
  3 goblins
  2 sewer rats
  4 grid bugs
  2 lichens
  a kobold zombie
  8 newts
38 creatures vanquished.

No species were genocided or became extinct.

Game over:
                       ----------
                      /          \
                     /    REST    \
                    /      IN      \
                   /     PEACE      \
                  /                  \
                  |  LDaviesPeters   |
                  |      37 Au       |
                  |   killed by a    |
                  |      coyote      |
                  |                  |
                  |                  |
                  |       2026       |
                 *|     *  *  *      | *
        _________)/\\_//(\/(/\)/\//\/|_)_______

Goodbye LDaviesPeters the Archeologist...

You died in The Dungeons of Doom on dungeon level 3 with 524 points,
and 37 pieces of gold, after 1837 moves.
You were level 4 with a maximum of 35 hit points when you died.

